 Dungeon Crawl Stone Soup version 0.25-a0-341-g6f074c887a (webtiles) character file.

Game seed: 14869186177701968033, levelgen mode: deterministic

102 PentaManta the Bolt Thrower (level 5, -3/51 HPs)
             Began as a Halfling Hunter on Dec 30, 2019.
             Slain by an orc
             ... wielding a +0 spear of distortion
              (4 damage)
             ... on level 3 of the Dungeon.
             The game lasted 00:04:30 (1807 turns).

PentaManta the Bolt Thrower (Halfling Hunter)       Turns: 1807, Time: 00:04:30

Health: -3/51      AC: 14    Str: 19    XL:     5   Next: 5%
Magic:  5/5        EV: 14    Int:  9    God:
Gold:   155        SH:  0    Dex: 15    Spells: 4/4 levels left

rFire    . . .     SeeInvis .   p - +0 dagger (protect)
rCold    . . .     Gourm    .   (shield restricted)
rNeg     . . .     Faith    .   o - +0 ring mail
rPois    .         Spirit   .   (no helmet)
rElec    .         Reflect  .   (no cloak)
rCorr    .         Harm     .   m - +1 pair of gloves
MR       .....                  (no boots)
Stlth    ..........             r - amulet of rage
HPRegen  0.17/turn              (no ring)
MPRegen  0.09/turn              (no ring)

@: berserking, about to teleport, protection aura, very quick
A: small, mutation resistance 1
a: Evoke Berserk Rage


You were on level 3 of the Dungeon.
You were near starving.

You visited 1 branch of the dungeon, and saw 3 of its levels.

You collected 155 gold pieces.

Inventory:

Hand Weapons
 a - a +1 hand crossbow
 p - a +0 dagger of protection (weapon)
Missiles
 e - 108 stones (quivered)
 n - 63 sling bullets
Armour
 m - a +1 pair of gloves (worn)
 o - a +0 ring mail (worn)
Jewellery
 r - an amulet of rage (around neck)
Scrolls
 g - 2 scrolls of enchant armour {unknown}
 i - 3 scrolls of identify {unknown}
 k - a scroll of enchant weapon {unknown}
Potions
 b - a potion of lignification {unknown}
 c - a potion of heal wounds {unknown}
 h - 2 potions of might {unknown}
 j - a potion of cancellation {unknown}
 l - a potion of haste {unknown}
 q - 2 potions of agility
 s - a potion of invisibility {unknown}
Comestibles
 f - 4 rations


   Skills:
 - Level 1.8 Fighting
 * Level 5.5 Crossbows
 + Level 3.2 Dodging
 + Level 2.6 Stealth


You had 4 spell levels left.
You didn't know any spells.
Your spell library was empty.

Dungeon Overview and Level Annotations

Branches:
Dungeon (3/15)

Altars:


Innate Abilities, Weirdness & Mutations

You are small and have problems with some larger weapons.
You are somewhat resistant to further mutation.


Message History

The orc priest is severely wounded.
The orc throws a stone.
The stone hits you but does no damage. The orc hits you but does no damage.
Space bends around you.
* * * LOW HITPOINT WARNING * * *
You closely miss the orc priest.
The orc priest is severely wounded.
The orc priest misses you.
The orc throws a stone.
The stone completely misses you.
You hit the orc priest.
The orc priest is almost dead.
The orc hits you from afar with a +0 spear of distortion.
* * * LOW HITPOINT WARNING * * *
You feel strangely unstable.
The orc priest looks encouraged for a moment.
You barely miss the orc priest.
The orc priest is almost dead.
The orc hits you from afar with a +0 spear of distortion.
* * * LOW HITPOINT WARNING * * *
Space bends around you.
You die...

#.# #.# #.# #
##.###########
#.............
#..##.........
#..##.........
###########..##.........
.(.(o(o@)...............
.....oo#)##.............
...).o.#.##..##.........
.((.(..#................
.(.....#..†.............
#(.....#######..##...#..
#...... #..........
#'####. #..........
###.###..


You could see an orc priest and 4 orcs.

Vanquished Creatures
  An adder (D:3)
  2 worms (D:2)
  2 dart slugs (D:1)
  2 leopard geckos (D:1)
  11 orcs
  10 bats
  3 giant cockroaches
  8 goblins
  8 hobgoblins
  A quokka (D:3)
  4 frilled lizards
  9 kobolds
  7 rats
68 creatures vanquished.

Notes
Turn   | Place    | Note
-------+----------+-------------------------------------------
     0 | D:1      | PentaManta the Halfling Hunter began the quest for the Orb.
     0 | D:1      | Reached XP level 1. HP: 14/14 MP: 1/1
    54 | D:1      | Reached XP level 2. HP: 19/19 MP: 2/2
   312 | D:1      | Reached XP level 3. HP: 24/24 MP: 3/3
   459 | D:1      | Reached skill level 5 in Crossbows
  1043 | D:2      | Reached XP level 4. HP: 24/29 MP: 4/4
  1706 | D:3      | Reached XP level 5. HP: 28/34 MP: 5/5
  1807 | D:3      | HP: 1/51 [orc/+0 spear of distortion (2)]
  1807 | D:3      | Slain by an orc

Levels and vault maps discovered:
D:1:      shiori_arrival_maze, layout_loops_ring
D:2:      layout_loops_ring
D:3:      layout_basic

Skill      XL: |  1  2  3  4 |
---------------+-------------+-----
Crossbows      | 5 |  5.5
Stealth        | 2 |  2.6
Dodging        | 3 |  3.2
Fighting       | |  1.8

Action                   |  1- 3 |  4- 6 || total
-------------------------+-------+-------++-------
Melee: Dagger            |       |     7 ||     7
 Fire: Hand crossbow     |    90 |    56 ||   146
Throw: Stone             |       |    48 ||    48
 Abil: Evoke Berserk Rag |       |     1 ||     1
  Eat: Chunk             |       |     2 ||     2
Armor: Leather armour    |     6 |       ||     6
       Ring mail         |     1 |    13 ||    14
Dodge: Dodged            |    32 |    41 ||    73

Table legend:
 A = Non-vault XP
 B = Vault XP
 C = Vault XP percentage of total XP
 D = Non-vault monster count
 E = Vault monster count
 F = Vault count percentage of total count
                 A         B        C        D         E       F
            +---------+---------+-------+---------+---------+-------
      Total |     142 |       4 |   2.7 |      66 |       2 |   2.9
            +---------+---------+-------+---------+---------+-------
        D:1 |      52 |       4 |   7.1 |      29 |       2 |   6.5
        D:2 |      44 |       0 |   0.0 |      19 |       0 |   0.0
        D:3 |      46 |       0 |   0.0 |      18 |       0 |   0.0
            +---------+---------+-------+---------+---------+-------
